 Dungeon Crawl Stone Soup version 0.21.0 (webtiles) character file.

650 Suckerboh the Cudgeler (level 7, -2/60 HPs)
             Began as a Minotaur Gladiator on Jan 5, 2018.
             Splashed by an oklob sapling's acid (10 damage)
             ... on level 5 of the Dungeon.
             The game lasted 00:06:04 (4085 turns).

Suckerboh the Cudgeler (Minotaur Gladiator)         Turns: 4085, Time: 00:06:09

Health: -2/60      AC: -3    Str: 19    XL:     7   Next: 28%
Magic:  6/6        EV: 14    Int:  5    God:
Gold:   213        SH:  0    Dex: 13    Spells: 6/6 levels left

rFire    + . .     SeeInvis .   a - +0 flail
rCold    . . .     Gourm    .   (no shield)
rNeg     . . .     Faith    .   j - +1 leather armour {rF+}
rPois    .         Spirit   .   c - +0 hat
rElec    .         Reflect  .   (no cloak)
rCorr    .         Harm     .   (no gloves)
MR       .....                  (no boots)
Stlth    +.........             (no amulet)
HPRegen  0.20/turn              (no ring)
MPRegen  0.10/turn              (no ring)

@: corroded
A: retaliatory headbutt, horns 2
a: no special abilities


You were on level 5 of the Dungeon.
You were hungry.

You visited 1 branch of the dungeon, and saw 5 of its levels.
You also visited: Sewer.

You collected 213 gold pieces.

Inventory:

Hand Weapons
 a - a +0 flail (weapon)
Missiles
 d - 2 throwing nets (quivered)
Armour
 c - a +0 hat (worn)
 j - a +1 leather armour of fire resistance (worn)
 y - a +0 shield
Scrolls
 e - 4 scrolls of amnesia {unknown}
 h - 4 scrolls of enchant armour {unknown}
 i - 6 scrolls of teleportation {unknown}
 l - 2 scrolls of immolation {unknown}
 m - a scroll of identify {unknown}
 o - 2 scrolls of fear {unknown}
 r - a scroll of fog {unknown}
 v - 2 scrolls of magic mapping {unknown}
 x - a scroll of blinking {unknown}
Potions
 b - 2 potions of agility {unknown}
 g - 2 potions of degeneration {unknown}
 k - 3 potions of curing {unknown}
 n - a potion of mutation {unknown}
 p - a potion of flight {unknown}
 q - 2 potions of berserk rage {unknown}
 s - a potion of might {unknown}
 t - a potion of heal wounds {unknown}
 u - a potion of magic {unknown}
Books
 w - a book of Geomancy

   Spells                             Type                      Level
   a - Sandblast                      Earth                        1
   b - Passwall                       Transmutation/Earth          2
   c - Stone Arrow                    Conjuration/Earth            3
   d - Petrify                        Transmutation/Earth          4
   e - Lee's Rapid Deconstruction     Earth                        5
Comestibles
 f - 9 rations


   Skills:
 + Level 4.3 Fighting
 + Level 7.7 Maces & Flails
 + Level 2.3 Throwing
 + Level 3.3 Armour
 + Level 4.7 Dodging


You had 6 spell levels left.
You didn't know any spells.

Dungeon Overview and Level Annotations

Branches:
Dungeon (5/15)             Temple (0/1) D:5

Altars:
Hepliaklqana

Annotations:
D:5 exclusion: oklob sapling


Innate Abilities, Weirdness & Mutations

You reflexively headbutt those who attack you in melee.
You have a pair of horns on your head.


Message History

The oklob sapling is severely damaged.
You hit the oklob sapling.
The oklob sapling is almost destroyed.
The oklob sapling spits acid at you. The splash of acid hits you!
The acid corrodes you!
You are splashed with acid!
The acid burns!
You hit the oklob sapling but do no damage.
The oklob sapling is almost destroyed.
You are feeling hungry.
The oklob sapling spits acid at you. The splash of acid hits you!
The acid corrodes you!
You are splashed with acid!
The acid burns!
You hit the oklob sapling.
You headbutt the oklob sapling, but do no damage.
The oklob sapling is almost destroyed.
The oklob sapling spits acid at you. The splash of acid hits you!
* * * LOW HITPOINT WARNING * * *
You are splashed with acid!
The acid burns!
You die...

#.######...# #
#..........# .#
###........######.#
#......!.#......#
#........#......#
#.......P..P.P..#
#######........P.PP...#
#..........)..PP..P...#
#.............P.@PPP..#
#............PPPPP.P..#
#..............PPPP...#
#.)...........P.PP....#
#..............##....##
#.............########
#.............#
#.............#
.......######†#


You could see an oklob sapling.

Vanquished Creatures
  Sigmund (D:2)
  An ogre (D:2)
  A howler monkey (D:4)
  An orc priest (D:4)
  An orc wizard (D:3)
  Jessica (D:2)
  4 adders
  4 gnolls (D:4)
  12 river rats
  A dart slug (D:1)
  2 leopard geckos
  7 orcs
  5 ball pythons
  4 giant cockroaches
  6 goblins
  6 hobgoblins
  6 jackals
  A quokka (D:3)
  7 bats
  11 frilled lizards
  8 kobolds
  A quokka zombie (D:5)
  37 rats
  A plant (D:5)
129 creatures vanquished.

Notes
Turn   | Place    | Note
-------+----------+-------------------------------------------
     0 | D:1      | Suckerboh the Minotaur Gladiator began the quest for the Orb.
     0 | D:1      | Reached XP level 1. HP: 18/18 MP: 0/0
   273 | D:1      | Reached skill level 4 in Maces & Flails
   273 | D:1      | Reached XP level 2. HP: 25/25 MP: 1/1
   792 | D:2      | Noticed Sigmund
   802 | D:2      | Killed Sigmund
   802 | D:2      | Reached skill level 5 in Maces & Flails
   802 | D:2      | Reached XP level 3. HP: 24/31 MP: 2/2
   802 | D:2      | Reached XP level 4. HP: 29/38 MP: 3/3
   802 | D:2      | Reached XP level 5. HP: 35/45 MP: 4/4
  1253 | D:2      | Noticed Jessica
  1261 | D:2      | Killed Jessica
  1261 | D:2      | Reached skill level 6 in Maces & Flails
  1397 | D:2      | Noticed an ogre
  1413 | D:2      | Killed an ogre
  1413 | D:2      | Reached XP level 6. HP: 32/51 MP: 5/5
  2053 | D:3      | Found a glowing drain.
  2064 | Sewer    | Entered a sewer
  2669 | D:3      | Found a hazy altar of Hepliaklqana.
  2769 | D:3      | Reached skill level 7 in Maces & Flails
  3087 | D:4      | Reached XP level 7. HP: 32/59 MP: 6/6
  3963 | D:5      | Entered Level 5 of the Dungeon
  3986 | D:5      | Found a staircase to the Ecumenical Temple.
  4085 | D:5      | Splashed by an oklob sapling's acid

Skill      XL: |  1  2  3  4  5  6 |
---------------+-------------------+-----
Maces & Flails | 4 5 6 7 |  7.7
Fighting       | 3 4 |  4.3
Armour         | 2 3 |  3.3
Dodging        | 4 |  4.7
Throwing       | |  2.3

Action                   |  1- 3 |  4- 6 |  7- 9 || total
-------------------------+-------+-------+-------++-------
Melee: Flail             |    44 |   155 |    80 ||   279
       Headbutt          |     6 |    27 |    15 ||    48
Throw: Throwing net      |     1 |       |       ||     1
 Stab: Held in net/web   |     4 |       |       ||     4
       Sleeping          |       |     1 |       ||     1
  Eat: Chunk             |       |     7 |     3 ||    10
Armor: Leather armour    |    19 |    31 |     9 ||    59
Dodge: Dodged            |    31 |   113 |    29 ||   173
